 Dungeon Sprint DCSS version 0.30-a0-1114-gd936c97349 (webtiles) character file.

Game seed: 4012167976472262725

28 BigDaddyOpFi the Trooper (level 2, 0/37 HPs)
             Began as a Demonspawn Fighter on Apr 20, 2023.
             Was an Initiate of Ru.
             Slain by a warg (4 damage)
             ... in the Dungeon (Sprint VII: "The Pits").
             The game lasted 00:01:04 (274 turns).

BigDaddyOpFi the Trooper (Demonspawn Fighter)        Turns: 274, Time: 00:01:04

Health: 0/37       AC: 13    Str: 16    XL:     2   Next: 96%
Magic:  2/2        EV:  4    Int:  9    God:    Ru [......]
Gold:   0          SH:  4    Dex: 12    Spells: 1/1 levels left

rFire   . . .      SeeInvis .    a - +0 war axe
rCold   . . .      Faith    .    c - +0 buckler
rNeg    . . .      Spirit   .    l - +2 plate armour
rPois   .          Reflect  .    (no helmet)
rElec   .          Rampage  .    (no cloak)
rCorr   .          NoTele   +    (no gloves)
Will    .....                    (no boots) Stlth
                                 (no amulet)
HPRegen 0.26/turn                (no ring)
MPRegen 0.08/turn                (no ring)

@: berserking (expiring), very quick
A: demonic touch 1
a: Renounce Religion


You were in the Dungeon.
You worshipped Ru.
Ru was noncommittal.
You visited 1 branch

Inventory:

Hand Weapons
 a - a +0 war axe (weapon)
Armour
 c - a +0 buckler (worn)
 l - a +2 plate armour (worn)
Scrolls
 j - a scroll of blinking
Potions
 d - a potion of might
 e - 6 potions of curing
 f - 6 potions of heal wounds
 g - a potion of haste
 h - 4 potions of magic
 i - 2 potions of berserk rage
 k - 2 potions of invisibility


   Skills:
 + Level 4.2 Fighting
 + Level 3.2 Axes
 + Level 3.8 Armour
 + Level 3.8 Shields


You had one spell level left.
You didn't know any spells.
Your spell library was empty.

Dungeon Overview and Level Annotations

Branches:
Dungeon (1/1)

Altars:
Ashenzari
Cheibriados
Dithmenos
Fedhas
Gozag
Hepliaklqana
Kikubaaqudgha
Makhleb
Nemelex Xobeh
Okawaru
Qazlal
Ru
Sif Muna
Trog
Uskayaw
Vehumet
Wu Jian
Xom
Yredelemnul
Jiyva
Lugonu

Annotations:
D Crazy Yiuf


Innate Abilities, Weirdness & Mutations

Your touch may inflict minor irresistible damage on your foes.


Message History

There is an open door here.
You open the door.
A crimson imp and a black bear come into view.
The crimson imp shouts!
The black bear growls angrily.
A white imp comes into view.
A warg comes into view.
There is an open door here.
There are monsters nearby!
The white imp shouts!
The warg howls!
You hear a shout!
A jelly comes into view.
Crazy Yiuf the Enlightened comes into view.
He is wielding a +3 quarterstaff of chaos.
The white imp shouts, "Slither home, thou dissembling weevil-witted serf!"
There is an open door here.
The warg attacks as you move away! The warg barely misses you.
The white imp gestures at you. You block the puff of frost.
The warg attacks as you move away! The warg bites you but does no damage.
A red film seems to cover your vision as you go berserk!
You feel yourself moving faster!
You feel mighty! The warg bites you but does no damage. The warg bites you.
You closely miss the warg. The warg bites you but does no damage.
You barely miss the warg.
The crimson imp blinks!
The warg bites you!
You closely miss the warg.
The crimson imp lashes its tail.
The warg bites you.
You barely miss the warg. You closely miss the crimson imp.
You block the warg's attack.
The crimson imp hits you but does no damage.
You closely miss the warg. You miss the crimson imp. The warg bites you.
Crazy Yiuf says, "Aardvark foot tired!"
The crimson imp hits you but does no damage.
You barely miss the warg. You hit the crimson imp. The warg bites you!
* * * LOW HITPOINT WARNING * * *
You block the crimson imp's attack.
The warg stops to sniff the ground.
The warg bites you.
* * * LOW HITPOINT WARNING * * *
You barely miss the warg. You slash the crimson imp!
You kill the crimson imp!
The warg bites you.
You die...

#..........÷'.....
#'#####'#####.....
#.#...#)#[.##.....
#.#...#.#))#####'#
#.#...).#))##.....
#.##'####))##.....
#.#.†...#[.##.....
#.#.....#'###...<.
#@#........##.....
#h#........##.....
#h###########.....
#J5.5g..# ######
#g.#.#..# #.## #
#.. #.# #..


You could see a warg, a black bear, Crazy Yiuf, a jelly and a white imp.

Vanquished Creatures
  A crimson imp (D)
  A gnoll (D)
  An ufetubus (D)
  An endoplasm (D)
  A giant cockroach (D)
  A goblin (D)
  A hobgoblin (D)
  4 jackals (D)
  A bat (D)
  A quokka zombie (D)
13 creatures vanquished.

Notes
Turn   | Place    | Note
-------+----------+-------------------------------------------
     0 | D        | BigDaddyOpFi the Demonspawn Fighter began the quest for the
                  | Orb.
     0 | D        | Reached XP level 1. HP: 18/18 MP: 1/1
    20 | D        | Found a bloodstained altar of Trog.
    20 | D        | Found a shimmering blue altar of Sif Muna.
    20 | D        | Found a viscous altar of Jiyva.
    20 | D        | Found a hazy altar of Hepliaklqana.
    20 | D        | Found an opulent altar of Gozag.
    21 | D        | Found a basalt altar of Yredelemnul.
    21 | D        | Found a shimmering altar of Xom.
    21 | D        | Found an ornate altar of the Wu Jian Council.
    21 | D        | Found a sacrificial altar of Ru.
    21 | D        | Found a stormy altar of Qazlal.
    21 | D        | Found an iron altar of Okawaru.
    21 | D        | Found a sparkling altar of Nemelex Xobeh.
    21 | D        | Found a burning altar of Makhleb.
    21 | D        | Found a blossoming altar of Fedhas.
    21 | D        | Found a shadowy altar of Dithmenos.
    21 | D        | Found a snail-covered altar of Cheibriados.
    23 | D        | Found a corrupted altar of Lugonu.
    23 | D        | Found a radiant altar of Vehumet.
    24 | D        | Found an ancient bone altar of Kikubaaqudgha.
    24 | D        | Found a hide-covered altar of Uskayaw.
    24 | D        | Found a broken altar of Ashenzari.
    60 | D        | Became a worshipper of Ru the Awakened
    86 | D        | Gained mutation: Your touch may inflict minor irresistible
                  | damage on your foes. [demonic ancestry]
    86 | D        | Reached XP level 2. HP: 17/25 MP: 2/2
    89 | D        | Reached skill level 4 in Fighting
   262 | D        | Noticed a crimson imp
   262 | D        | Noticed a black bear
   262 | D        | Noticed a warg
   263 | D        | Noticed Crazy Yiuf
   274 | D        | Killed a crimson imp
   274 | D        | Slain by a warg

Illustrated notes

Levels and vault maps discovered:
D:        pitsprint [storerooms_1, entrance_room_1, metal_vault_2, armoury_3,
          mini_pit_1, grid_room_1, main_hall_1, silver_pit, the_coven_1,
          the_vestibule_1, steel_vault_4, golden_pit, hallway_of_sentries,
          crystal_vault_2, iron_vault_2, final_vault]

Skill      XL: |  1  2 |
---------------+-------+-----
Axes           | 2 3 |  3.2
Armour         | 3 |  3.8
Shields        | 3 |  3.8
Fighting       | 4 |  4.2

Action                     || total
---------------------------++-------
  Melee: War axe           ||    35
    Use: Potion            ||     1
 Armour: Scale mail        ||    20
         Plate armour      ||     5
  Dodge: Dodged            ||    18
  Block: Buckler           ||    15

Table legend: (Time is in decaauts)
 A = Elapsed time spent in this place.
 B = Non-inter-level travel time spent in this place.
 C = Inter-level travel time spent in this place.
 D = Time resting spent in this place.
 E = Time spent auto-exploring this place.
 F = Levels seen in this place.
 G = Mean time per level.
                   A        B        C        D        E       F      G
               +--------+--------+--------+--------+--------+-----+--------+
         Total |    284 |    263 |     21 |     78 |      0 |   1 |  284.0 |
       Dungeon |    284 |    263 |     21 |     78 |      0 |   1 |  284.0 |
               +--------+--------+--------+--------+--------+-----+--------+

Top non-repeatable levels by time:
       D: 284 daAuts
